 Dungeon Crawl Stone Soup version 0.25-a0-589-g1e14c549ee (webtiles) character file.

Game seed: 5050213812187075683, levelgen mode: deterministic

116 Esekla the Ducker (level 4, -1/21 HPs)
             Began as a Spriggan Artificer on Mar 9, 2020.
             Slain by a gnoll
             ... wielding a +0 whip
              (7 damage)
             ... on level 1 of the Dungeon.
             The game lasted 00:13:23 (2905 turns).

Esekla the Ducker (Spriggan Artificer)              Turns: 2905, Time: 00:13:24

Health: -1/21      AC:  2    Str:  8    XL:     4   Next: 69%
Magic:  8/8        EV: 20    Int: 13    God:
Gold:   156        SH:  0    Dex: 16    Spells: 3/3 levels left

rFire    . . .     SeeInvis +   a - +0 short sword
rCold    . . .     Gourm    .   (shield restricted)
rNeg     . . .     Faith    .   b - +0 robe
rPois    .         Spirit   .   (helmet restricted)
rElec    .         Reflect  .   (no cloak)
rCorr    .         Harm     .   (gloves unavailable)
MR       .....                  (boots unavailable)
Stlth    ++........             (no amulet)
HPRegen  0.07/turn              h - ring of wizardry
MPRegen  0.11/turn              (no ring)

@: very quick
A: very small, unfitting armour, see invisible, herbivore, speed 3, slow
metabolism 2
a: no special abilities


You were on level 1 of the Dungeon.
You were not hungry.

You visited 1 branch of the dungeon, and saw 3 of its levels.

You collected 156 gold pieces.

Inventory:

Hand Weapons
 a - a +0 short sword (weapon)
Missiles
 q - 4 boomerangs (quivered)
Armour
 b - a +0 robe (worn)
 i - a +0 leather armour
Jewellery
 h - a ring of wizardry (left hand)
Wands
 c - a wand of flame (15)
 d - a wand of enslavement (15)
 e - a wand of random effects (15)
Scrolls
 g - a scroll of remove curse {unknown}
 k - a scroll of enchant weapon {unknown}
 l - a scroll of identify {unknown}
 p - a scroll of teleportation {unknown}
 r - a scroll of fog {unknown}
Potions
 j - 2 potions of flight {unknown}
 m - a potion of magic {unknown}
 n - a potion of curing {unknown}
 o - a potion of invisibility {unknown}
Comestibles
 f - 3 rations


   Skills:
 - Level 0.7 Fighting
 * Level 3.6 Short Blades
 * Level 5.0 Dodging
 + Level 2.8 Stealth
 - Level 4.0 Evocations


You had 3 spell levels left.
You didn't know any spells.
Your spell library was empty.

Dungeon Overview and Level Annotations

Branches:
Dungeon (3/15)

Altars:

Annotations:
D:3 Terence


Innate Abilities, Weirdness & Mutations

You are very small and have problems with some larger weapons.
You are too small for most types of armour.
You have supernaturally acute eyesight. (SInv)
You are a herbivore.
You cover ground extremely quickly.
You need to consume almost no food.


Message History

You hit the gnoll.
The gnoll is moderately wounded.
The gnoll completely misses you.
Throwing (i - inventory)
q - 4 boomerangs (quivered)
Press: ? - help, Shift-Dir - straight line, f - gnoll
Aim: a gnoll, wielding a +0 whip (moderately wounded)
You throw a boomerang. The boomerang hits the gnoll.
The gnoll is severely wounded.
You hit the gnoll.
The gnoll is severely wounded.
The gnoll hits you with a +0 whip.
* * * LOW HITPOINT WARNING * * *
Throwing (i - inventory)
q - 4 boomerangs (quivered)
Press: ? - help, Shift-Dir - straight line, f/p - gnoll
Aim: a gnoll, wielding a +0 whip (severely wounded)
You throw a boomerang. The boomerang barely misses the gnoll.
You hit the gnoll.
The gnoll is almost dead.
The gnoll hits you with a +0 whip!
You die...

..[............#
####.......
.....#...>.....#
#.......#..
.....#.........####
#.#####.#..
.....#............#
#.#####.#..
.....#............#
#.#.>...#..
..........###.....#
#.#.....###
..........###.....#
#.#........
#####..........g..#
#.#########
....'..........)@.# #.#
#####.............#####.#
....###''.........'.....#
### ###.#
#.#.........#############..
....# #.#....PP...#
#....<....#.. #####
#.###'#.....# #.........#..
....###.###'#P...P#
#.........#..
#.#.#.#.#....P...P#
#..#...#..#.#
.............PPPPP#
#.........#..


You could see a gnoll.

Vanquished Creatures
  Jessica (D:2)
  5 adders (D:2)
  A gnoll (D:1)
  3 dart slugs
  A leopard gecko (D:3)
  A giant cockroach (D:2)
  5 goblins
  2 hobgoblins (D:1)
  A kobold (D:2)
  A ball python (D:1)
  3 bats
  3 frilled lizards (D:2)
  6 rats
33 creatures vanquished.

Vanquished Creatures (others)
  5 toadstools (D:1)
5 creatures vanquished.

Grand Total: 38 creatures vanquished

Notes
Turn   | Place    | Note
-------+----------+-------------------------------------------
     0 | D:1      | Esekla the Spriggan Artificer began the quest for the Orb.
     0 | D:1      | Reached XP level 1. HP: 9/9 MP: 4/4
   369 | D:1      | Reached XP level 2. HP: 14/14 MP: 6/6
   639 | D:1      | Reached skill level 4 in Dodging
  1197 | D:2      | Reached XP level 3. HP: 12/17 MP: 7/7
  1246 | D:3      | Noticed Terence
  1767 | D:2      | Noticed Jessica
  1773 | D:2      | Reached XP level 4. HP: 20/21 MP: 8/8
  1954 | D:2      | Killed Jessica
  2718 | D:1      | Reached skill level 5 in Dodging
  2905 | D:1      | Slain by a gnoll

Levels and vault maps discovered:
D:1:      shiori_arrival_oz, layout_basic, chequers_serial_rivers_room_b,
          minmay_door_square, kennysheep_crisscross, grunt_decor_arrowhead,
          minmay_gold_behind_fungi, chequers_big_river
D:2:      cheibrodos_pilgrimage, layout_basic, lemuel_crystal_altar,
          uniq_jessica
D:3:      layout_loops_ring, grunt_temple_overflow_open, first_ration,
          minmay_puff, uniq_terence

Skill      XL: |  1  2  3  4 |
---------------+-------------+-----
Dodging        | 4 5 |  5.0
Short Blades   | 2 3 |  3.6
Stealth        | 2 |  2.8
Fighting       | |  0.7
Evocations     | |  4.0

Action                   |  1- 3 |  4- 6 || total
-------------------------+-------+-------++-------
Melee: Short sword       |   133 |    50 ||   183
Throw: Boomerang         |       |     8 ||     8
 Stab: Sleeping          |     5 |     1 ||     6
       Distracted        |     1 |       ||     1
Armor: Robe              |    11 |     3 ||    14
Dodge: Dodged            |   119 |    45 ||   164

Table legend:
 A = Non-vault XP
 B = Vault XP
 C = Vault XP percentage of total XP
 D = Non-vault monster count
 E = Vault monster count
 F = Vault count percentage of total count
                 A         B        C        D         E       F
            +---------+---------+-------+---------+---------+-------
      Total |     127 |      39 |  23.5 |      31 |       2 |   6.1
            +---------+---------+-------+---------+---------+-------
        D:1 |      37 |       2 |   5.1 |      14 |       1 |   6.7
        D:2 |      87 |      37 |  29.8 |      16 |       1 |   5.9
        D:3 |       3 |       0 |   0.0 |       1 |       0 |   0.0
            +---------+---------+-------+---------+---------+-------
